 Dungeon Crawl Stone Soup version 0.17-a0-1646-geb1493d (webtiles) character file.

89199 Nebulos the Peltast (level 15, -2/207 HPs)
             Began as a Black Draconian Berserker on Aug 10, 2015.
             Was a High Priest of Trog.
             Killed by divine providence
             ... invoked by a deep elf high priest
              (7 damage)
             ... on level 3 of the Elven Halls.
             The game lasted 02:32:17 (18594 turns).

Nebulos the Peltast (Black Draconian Berserker)    Turns: 18594, Time: 02:32:17

Health: -2/207     AC: 16    Str: 30    XL:     15   Next: 48%
Magic:  18/18      EV: 22    Int:  9    God:    Trog [*****.]
Gold:   1660       SH: 10    Dex: 19    Spells: 0 memorised, 14 levels left

rFire  . . .     SeeInvis .     V - +8 broad axe of Caxoih {drain, rC+ MR+ Dex+7}
rCold  + + .     Clarity  .     (armour unavailable)
rNeg   . . .     SustAt   .     C - +2 buckler
rPois  .         Gourm    .     (helmet restricted)
rElec  +         Spirit   .     a - +0 cloak
rCorr  .         Warding  .     (no gloves)
rMut   .         Stasis   .     B - +2 pair of boots
MR     ++++.                    T - amulet of regeneration
Stlth  ..........               k - ring of protection from cold
                                y - +3 ring of protection

@: berserking, regenerating, very quick, incredibly resistant to hostile
enchantments, extremely unstealthy
A: breathe lightning, unfitting armour, antennae 1, big wings, hooves 1, stinger
2, blurry vision 1, clever 1, electricity resistance, wild magic 2,
cold-blooded, AC +9
a: Breathe Lightning, Fly, Burn Spellbooks, Berserk, Trog's Hand, Brothers in
Arms, Renounce Religion


You were on level 3 of the Elven Halls.
You worshipped Trog.
Trog was extremely pleased with you.
You were not hungry.

You visited 3 branches of the dungeon, and saw 19 of its levels.
You also visited: Bailey and Ice Cave.

You collected 2330 gold pieces.
You spent 670 gold pieces at shops.

Inventory:

Hand weapons
 c - the +8 mithril axe "Arga" {speed, MR+ Str+2}
   (You found it on level 10 of the Dungeon)

   Attacks with this weapon are significantly faster.
   It affects your strength (+2).
   It affects your resistance to hostile enchantments.
 F - a +2 demon trident of freezing
 O - a +6 antimagic broad axe
 Q - the +4 greatsling of Vokhlure {freeze, Dex+4}
   (You found it on level 3 of the Orcish Mines)

   It causes projectiles fired from it to freeze those they strike, causing
   extra injury to most foes and up to half again as much damage against
   particularly susceptible opponents.
   They can also slow down cold-blooded creatures.
   It affects your dexterity (+4).
 V - the +8 broad axe of Caxoih (weapon) {drain, rC+ MR+ Dex+7}
   (Trog gifted it to you in a bailey)

   A truly terrible weapon, it drains the life of those it strikes.
   It affects your dexterity (+7).
   It protects you from cold.
   It affects your resistance to hostile enchantments.
Missiles
 J - 2 javelins of returning (quivered)
Armour
 a - a +0 cloak (worn)
 z - the +18 shield of the gong {rElec rN+ MR+ EV-5}
   (You found it on level 4 of the Dungeon)

   It affects your evasion (-5).
   It insulates you from electricity.
   It protects you from negative energy.
   It affects your resistance to hostile enchantments.
 B - a +2 pair of boots (worn)
 C - a +2 buckler (worn)
Jewellery
 f - an uncursed amulet of the gourmand
 k - a ring of protection from cold (right hand)
 l - an uncursed ring of sustain attributes
 m - an uncursed ring of protection from magic
 q - an uncursed ring of fire
 s - an uncursed ring of magical power
 t - an uncursed ring of flight
 y - a +3 ring of protection (left hand)
 K - an uncursed ring of stealth
 N - an uncursed ring of see invisible
 T - an amulet of regeneration (around neck)
 Y - an uncursed ring of protection from fire
Magical devices
 n - a wand of slowing (25)
 A - a wand of disintegration (11)
 D - a wand of flame (27)
 L - a wand of paralysis (13)
 U - a wand of fire (12)
 W - a wand of polymorph (13)
Scrolls
 e - 3 scrolls of recharging
 g - 5 scrolls of enchant weapon
 h - a scroll of magic mapping
 j - a scroll of fog
 o - 2 scrolls of acquirement
 u - 6 scrolls of remove curse
 v - a scroll of silence
 E - 4 scrolls of fear
 H - 2 scrolls of blinking
 P - a scroll of enchant armour
 S - 2 scrolls of teleportation
Potions
 i - 3 potions of curing
 p - a potion of invisibility
 w - a potion of resistance
 x - 2 potions of might
 R - a potion of cure mutation
 X - a potion of ambrosia
Comestibles
 b - 12 bread rations
 d - 6 beef jerkies
 r - 4 meat rations
 I - 8 royal jellies


   Skills:
 * Level 14.0 Fighting
   Level 2.9 Short Blades
 * Level 12.8(13.1) Axes
   Level 2.4(8.8) Maces & Flails
 + Level 3.6(9.2) Polearms
 + Level 1.4 Throwing
 + Level 11.6 Dodging
 + Level 3.3 Stealth
 + Level 15.2 Shields
 * Level 4.6 Evocations


You had 14 spell levels left.
You didn't know any spells.

Dungeon Overview and Level Annotations

Branches:
Dungeon (12/15)            Temple (0/1) D:4            Lair (0/8) D:10
    Orc (4/4) D:12            Elf (3/3) Orc:3

Altars:
Cheibriados
Dithmenos
Elyvilon
Fedhas
Makhleb
Ru
Trog
Xom
Yredelemnul
Beogh

Shops:
Orc:2 *   Orc:4 %*=*


Innate Abilities, Weirdness & Mutations

You can breathe wild blasts of lightning.
Your glossy black scales are hard (AC +9).
Your body does not fit into most forms of armour.
Your large and strong wings let you fly indefinitely.
You are resistant to electric shocks.
You are cold-blooded and may be slowed by cold attacks.
You have a pair of small antennae on your head.
You have large cloven feet.
Your tail ends in a sharp poisonous barb.
Scrolls take you a little longer to read.
Your mind is acute. (Int +2)
Your spells are harder to cast, but more powerful.


Message History

The ghostly deep elf death mage beckons forth a restless soul!
You closely miss the deep elf sorcerer.
The deep elf sorcerer is severely wounded.
The deep elf sorcerer casts a spell.
The deep elf sorcerer hits you but does no damage.
You slash the deep elf sorcerer! You tail-slap the deep elf sorcerer!
The deep elf sorcerer is no longer moving quickly.
The deep elf sorcerer looks more healthy.
Something assumes the form of the deep elf sorcerer and becomes anchored to this world!
The ghostly deep elf sorcerer casts a spell at you.
The bolt of acid misses you.
You miss the ghostly deep elf sorcerer.
Your tail-slap misses the ghostly deep elf sorcerer.
The ghostly deep elf death mage seems less drained.
The soul eater draws from the surrounding life force!
* * * LOW HITPOINT WARNING * * *
The deep elf high priest starts to sing a prayer.
The deep elf high priest calls down the wrath of its god upon you.
Something smites you!
You die... 535⌠.3* *e4e. 3ee

#e# ##### ##e#
#####...# #33#
....'...# #e##
#####...# #e#
##### #@# #.# ##
##.# .##
#######^.#
####### ..##
##.......##
#.....#
...#####.....####
#.....#
...'...'.....#
#.....#
...#####.....#
#.....# ...#
##'...## #<....#


You could see a deep elf annihilator, a deep elf death mage, a ghostly deep elf
death mage, a deep elf sorcerer, a ghostly deep elf sorcerer, a soul eater, an
ice devil, a deep elf demonologist, a deep elf high priest and a hellwing.

Vanquished Creatures
  An Ice Fiend (IceCv)
  A deep elf blademaster (Elf:3)
  The ghost of sorek the Executioner, a powerful MiFi of Okawaru (Orc:4)
  4 orc warlords
  A deep elf sorcerer (Elf:2)
  A vampire knight (D:12)
  2 deep elf demonologists
  3 deep elf death magi (Elf:1)
  A deep elf high priest (Elf:1)
  14 dancing weapons (Elf:2)
  2 tengu warriors (D:12)
  4 orc high priests (Orc:4)
  A vampire mage (D:12)
  2 large abominations
  4 iron golems
  4 ice devils (IceCv)
  14 deep elf knights
  An unseen horror (D:9)
  5 deep elf summoners
  2 ice statues (IceCv)
  6 orc knights
  A hill giant (D:8)
  4 deep elf conjurers
  An ugly thing (D:12)
  4 orc sorcerers
  3 centaur zombies
  Maurice (D:10)
  A gargoyle (D:11)
  A komodo dragon (D:10)
  9 deep elf priests
  9 blue devils (IceCv)
  6 trolls
  Sigmund (D:6)
  3 hippogriffs
  A trapdoor spider (D:10)
  7 vampires
  A wraith (D:10)
  6 yaks (D:12)
  6 flying skulls (D:12)
  A water elemental (D:12)
  Eustachio (D:5)
  20 deep elf fighters
  22 deep elf magi
  A soldier ant (D:8)
  Edmund (D:3)
  4 wargs
  A water moccasin (D:12)
  38 orc warriors
  Duvessa (D:4)
  A wasp (D:8)
  2 ice beasts
  3 phantoms
  2 porcupines (D:12)
  2 eyes of draining
  4 sky beasts
  3 black bears
  10 ogres
  A necrophage (D:10)
  5 centaurs
  Blork the orc (D:4)
  16 giant frogs
  A brain worm (D:11)
  3 big kobolds
  A wyvern zombie (D:10)
  Dowan (D:4)
  21 wights
  4 electric eels (D:12)
  2 scorpions
  8 killer bees
  7 crimson imps
  5 jellies
  A giant frog zombie (D:11)
  10 hounds
  10 human zombies (D:12)
  2 centaur skeletons
  2 iguanas
  2 giant frog skeletons
  25 orc priests
  9 worker ants
  30 orc wizards
  A hound skeleton (D:5)
  A hound zombie (D:8)
  A worker ant zombie (D:7)
  10 adders
  A river rat (D:12)
  2 shadow imps
  15 white imps
  6 ufetubi (IceCv)
  3 oozes
  An adder zombie (D:7)
  2 worms
  2 adder skeletons
  145 orcs
  18 bats
  7 giant cockroaches
  11 goblins
  11 hobgoblins
  A jackal (D:3)
  A ball python (D:7)
  6 giant geckos
  7 giant newts
  15 kobolds
  2 quokkas
  10 rats
  4 crawling corpses
  2 plants (D:10)
708 creatures vanquished.

Vanquished Creatures (collateral kills)
  A deep elf demonologist (Elf:2)
  A deep elf death mage (Elf:3)
  An orc high priest (Orc:4)
  4 deep elf knights
  An ice devil (IceCv)
  3 deep elf summoners
  3 deep elf conjurers
  A hippogriff (shapeshifter) (Elf:2)
  2 deep elf magi (Elf:2)
  2 deep elf fighters (Elf:1)
  3 orc warriors (Orc:4)
  5 orc priests (Orc:4)
  6 white imps
  2 orcs (Orc:4)
35 creatures vanquished.

Vanquished Creatures (others)
  2 ufetubi (IceCv)
  A bat (Orc:4)
  A plant (D:10)
4 creatures vanquished.

Grand Total: 747 creatures vanquished

Notes
Turn   | Place    | Note
--------------------------------------------------------------
     0 | D:1      | Nebulos the Draconian Berserker began the quest for the Orb.
     0 | D:1      | Reached XP level 1. HP: 19/19 MP: 1/1
    83 | D:1      | Reached XP level 2. HP: 16/26 MP: 2/2
   538 | D:1      | Acquired Trog's second power
   618 | D:1      | Reached XP level 3. HP: 33/33 MP: 3/3
   792 | D:2      | Reached skill level 4 in Fighting
  1023 | D:2      | Found a burning altar of Makhleb.
  1065 | D:2      | Reached XP level 4. HP: 38/41 MP: 4/4
  1289 | D:3      | Reached skill level 1 in Short Blades
  1594 | D:3      | Reached XP level 5. HP: 32/47 MP: 5/5
  1720 | D:3      | Found a white marble altar of Elyvilon.
  1806 | D:4      | Noticed Dowan
  1807 | D:4      | Noticed Duvessa
  1816 | D:4      | Killed Dowan
  1816 | D:4      | Reached skill level 1 in Shields
  1878 | D:4      | Killed Duvessa
  1878 | D:4      | Reached skill level 5 in Fighting
  1878 | D:4      | Reached XP level 6. HP: 47/56 MP: 6/6
  1945 | D:4      | Noticed a phantom
  1953 | D:4      | Noticed Edmund
  2002 | D:3      | Killed Edmund
  2002 | D:3      | Reached skill level 1 in Throwing
  2041 | D:4      | Found a staircase to the Ecumenical Temple.
  2125 | D:4      | Noticed Blork the orc
  2138 | D:4      | Killed Blork the orc
  2355 | D:5      | Entered Level 5 of the Dungeon
  2424 | D:5      | Found a bloodstained altar of Trog.
  2427 | D:5      | Found a shimmering altar of Xom.
  2427 | D:5      | Found a sacrificial altar of Ru.
  2437 | D:5      | Your scales start taking on a glossy black colour.
  2437 | D:5      | Gained mutation: You are resistant to electric shocks. [Black Draconian growth]
  2437 | D:5      | Reached XP level 7. HP: 61/61 MP: 7/7
  2446 | D:5      | Found a snail-covered altar of Cheibriados.
  2479 | D:5      | Noticed Eustachio
  2529 | D:5      | Killed Eustachio
  2529 | D:5      | Reached skill level 5 in Dodging
  2560 | D:5      | Found a shadowy altar of Dithmenos.
  2603 | D:5      | Reached skill level 6 in Fighting
  2781 | D:5      | Reached skill level 1 in Stealth
  2781 | D:5      | Reached XP level 8. HP: 70/70 MP: 8/8
  3143 | D:5      | Reached skill level 5 in Shields
  3522 | D:6      | Acquired Trog's third power
  3746 | D:6      | Noticed Sigmund
  3767 | D:6      | Killed Sigmund
  3767 | D:6      | Reached skill level 7 in Shields
  3767 | D:6      | Reached XP level 9. HP: 76/78 MP: 9/9
  4536 | D:7      | Reached skill level 8 in Shields
  4621 | D:7      | Reached skill level 1 in Maces & Flails
  4687 | D:7      | Gained mutation: Your spells are a little harder to cast, but a little more powerful. [mutagenic meat]
  4688 | D:7      | Gained mutation: You have a pair of small antennae on your head. [mutagenic meat]
  4689 | D:7      | Gained mutation: You are weak. (Str -2) [mutagenic meat]
  4690 | D:7      | Gained mutation: You occasionally shout uncontrollably at your foes. [mutagenic meat]
  4691 | D:7      | Lost mutation: You occasionally shout uncontrollably at your foes. [mutagenic meat]
  4710 | D:7      | Lost mutation: You are weak. (Str -2) [potion of mutation]
  4710 | D:7      | Gained mutation: You are frail (-10% HP). [potion of mutation]
  4711 | D:7      | Lost mutation: Your spells are a little harder to cast, but a little more powerful. [potion of mutation]
  4711 | D:7      | Gained mutation: You have large cloven feet. [potion of mutation]
  4711 | D:7      | Gained mutation: Your spells are a little harder to cast, but a little more powerful. [potion of mutation]
  4712 | D:7      | Gained mutation: Scrolls take you a little longer to read. [potion of mutation]
  4712 | D:7      | Gained mutation: Your mind is acute. (Int +2) [potion of mutation]
  4712 | D:7      | Lost mutation: You are frail (-10% HP). [potion of mutation]
  4731 | D:7      | Found a blossoming altar of Fedhas.
  5437 | D:8      | Gained mutation: Your spells are harder to cast, but more powerful. [potion of beneficial mutation]
  5438 | D:8      | Gained mutation: Your tail ends in a poisonous barb. [potion of beneficial mutation]
  5515 | D:8      | Reached skill level 9 in Shields
  5981 | D:8      | Received a gift from Trog
  5989 | D:8      | Reached XP level 10. HP: 63/88 MP: 10/10
  6085 | D:9      | Noticed a hill giant
  6113 | D:8      | Killed a hill giant
  6113 | D:8      | Reached skill level 10 in Shields
  6784 | D:10     | Entered Level 10 of the Dungeon
  6821 | D:10     | Noticed an iron golem
  6821 | D:10     | Noticed an iron golem
  6821 | D:10     | Noticed an iron golem
  7024 | D:8      | Killed an iron golem
  7110 | D:9      | Killed an iron golem
  7110 | D:9      | Reached skill level 11 in Shields
  7138 | D:10     | Noticed an iron golem
  7185 | D:9      | Killed an iron golem
  7406 | D:9      | Killed an iron golem
  7406 | D:9      | Reached XP level 11. HP: 95/95 MP: 11/11
  7546 | D:9      | Killed an unseen horror
  7546 | D:9      | Reached skill level 1 in Axes
  7568 | D:10     | Found a staircase to the Lair.
  7645 | D:10     | Noticed Maurice
  7656 | D:10     | Killed Maurice
  8298 | D:10     | Found a runed door.
  8498 | D:11     | Got a dazzling quarterstaff
  8896 | D:11     | Reached skill level 12 in Shields
  9645 | D:12     | Received a gift from Trog
  9649 | D:12     | Reached skill level 10 in Fighting
  9680 | D:12     | Noticed a vampire mage
  9696 | D:12     | Killed a vampire mage
  9696 | D:12     | Reached skill level 5 in Axes
  9696 | D:12     | Reached XP level 12. HP: 74/106 MP: 12/12
  9912 | D:12     | Found a basalt altar of Yredelemnul.
  9913 | D:12     | Noticed a vampire knight
  9926 | D:12     | Killed a vampire knight
  9985 | D:12     | Noticed a tengu warrior
  9996 | D:12     | Noticed a tengu warrior
  9996 | D:12     | Killed a tengu warrior
 10011 | D:12     | Killed a tengu warrior
 10145 | D:12     | Found a staircase to the Orcish Mines.
 10395 | D:12     | Reached skill level 13 in Shields
 10552 | Orc:1    | Entered Level 1 of the Orcish Mines
 10594 | Orc:1    | Found a roughly hewn altar of Beogh.
 10737 | Orc:1    | Found a bloodstained altar of Trog.
 10925 | Orc:1    | Found a flagged portal.
 10936 | Bailey   | Entered a bailey
 10963 | Bailey   | Received a gift from Trog
 11005 | Bailey   | Got a faintly glowing broad axe {god gift}
 11006 | Bailey   | Identified the +8 broad axe of Caxoih {drain, rC+ MR+ Dex+7} (Trog gifted it to you in a bailey)
 11050 | Bailey   | Identified 3 scrolls of acquirement
 11052 | Bailey   | Gained mutation: Your tail ends in a sharp poisonous barb. [potion of beneficial mutation]
 11486 | Orc:2    | Found Ynawich's General Store.
 11673 | Orc:3    | Found a staircase to the Elven Halls.
 11832 | Orc:3    | Noticed an orc warlord
 11847 | Orc:3    | Killed an orc warlord
 11936 | Orc:3    | Noticed an orc warlord
 11945 | Orc:3    | Reached XP level 13. HP: 116/116 MP: 13/13
 11952 | Orc:3    | Killed an orc warlord
 11963 | Orc:3    | Received a gift from Trog
 12463 | Orc:3    | Got a shimmering greatsling
 12518 | Orc:3    | Identified the +4 greatsling of Vokhlure {freeze, Dex+4} (You found it on level 3 of the Orcish Mines)
 12563 | Orc:4    | Entered Level 4 of the Orcish Mines
 12609 | Orc:4    | Noticed sorek's ghost (powerful MiFi)
 12643 | Orc:4    | Killed sorek's ghost
 12764 | Orc:4    | Got a dazzling scimitar
 12765 | Orc:4    | Identified the +3 scimitar of Change {drain, +Blink rElec Str-3} (You took it off an orc on level 4 of the Orcish Mines)
 12793 | Orc:4    | Reached skill level 14 in Shields
 12811 | Orc:4    | Noticed an orc warlord
 12830 | Orc:4    | Killed an orc warlord
 12830 | Orc:4    | Reached skill level 10 in Dodging
 12975 | Orc:4    | Received a gift from Trog
 13065 | Orc:4    | Noticed an orc warlord
 13081 | Orc:4    | Killed an orc warlord
 13114 | Orc:4    | Found Vynneir's Food Shoppe.
 13114 | Orc:4    | Found Waannani's General Store.
 13115 | Orc:4    | Found Newnanwa's General Store.
 13120 | Orc:4    | Found Tizoho's Jewellery Emporium.
 13129 | Orc:4    | Bought a potion of might for 48 gold pieces
 13131 | Orc:4    | Bought a scroll of silence for 112 gold pieces
 13131 | Orc:4    | Bought a scroll of identify for 30 gold pieces
 13158 | Orc:4    | Bought an uncursed ring of see invisible for 180 gold pieces
 13158 | Orc:4    | Bought an uncursed ring of protection from fire for 300 gold pieces
 13293 | Orc:4    | Found a burning altar of Makhleb.
 13479 | Orc:4    | Received a gift from Trog
 13844 | Elf:1    | Entered Level 1 of the Elven Halls
 14026 | Elf:1    | Reached skill level 10 in Axes
 14339 | Elf:1    | Gained mutation: Your large and strong wings let you fly indefinitely. [Black Draconian growth]
 14339 | Elf:1    | Reached XP level 14. HP: 73/127 MP: 14/14
 14439 | Elf:1    | Noticed a deep elf demonologist
 14448 | Elf:1    | Killed a deep elf demonologist
 15439 | Elf:1    | Reached skill level 1 in Evocations
 15494 | Elf:2    | Found a runed gate.
 15509 | Elf:2    | Found a runed gate.
 15530 | Elf:2    | Found a runed gate.
 15623 | Elf:2    | Reached skill level 15 in Shields
 15658 | Elf:2    | Received a gift from Trog
 16810 | Elf:2    | Reached XP level 15. HP: 105/136 MP: 17/17
 17635 | Elf:3    | Entered Level 3 of the Elven Halls
 17636 | Elf:3    | Found a frozen archway.
 17641 | Elf:3    | Received a gift from Trog
 17652 | IceCv    | Entered an ice cave
 17880 | IceCv    | Noticed an Ice Fiend
 17892 | IceCv    | Killed an Ice Fiend
 18542 | Elf:3    | Noticed a Hell Sentinel
 18550 | Elf:3    | Noticed a deep elf blademaster
 18571 | Elf:3    | Noticed an Ice Fiend
 18583 | Elf:3    | Killed a deep elf blademaster
 18594 | Elf:3    | HP: 5/207 [soul eater/drain life[a deep elf sorcerer] (13)]
 18594 | Elf:3    | Killed from afar by a deep elf high priest

Vault maps used:
D:1:      dpeg_arrival_signposts, st_stairs_7, hangedman_decor_points,
          minmay_ruptured
D:2:      makhleb_grotto_becter, first_bread, minmay_quantized
D:3:      nicolae_overflow_crystal_walls, corexii_leaking_fountain
D:4:      minmay_temple_entry_enclosed_plants, hangedman_abyss_or_decor_stagger,
          uniq_blork_the_orc, uniq_duvessa, uniq_edmund
D:5:      grunt_temple_overflow_open, nicolae_dithmenos_the_darkroom,
          minmay_misc_feat_pillars, uniq_eustachio
D:6:      nicolae_whirlpool, uniq_sigmund
D:7:      fedhas_altar_2
D:8:      hangedman_pestilent_swarm
D:10:     cheibrodos_stairvault_heist, david_lair_shrubbed, minmay_st_funbox,
          uniq_maurice
D:12:     lemuel_vampire_tower
Orc:1:    basic_altar, enter_bailey_2, trog_book
Orc:2:    serial_shops, shop
Orc:3:    nicolae_orc_pool_cavern, minmay_orc_treasury
Orc:4:    st_orc_mages, basic_altar, roderic_batcave, elf_legates
Elf:1:    minmay_elf_crystal_heptagon
Elf:2:    lemuel_elevator
Elf:3:    grunt_elf_hall_diamonds, portal_ice_cave_entry_imps, uniq_wiglaf
Bailey:   bailey_polearm_5, bailey
IceCv:    ice_cave_small_demon

Action                   |  1- 3 |  4- 6 |  7- 9 | 10-12 | 13-15 || total
-------------------------+-------+-------+-------+-------+-------++-------
Melee: Spear             |    56 |       |       |       |       ||    56
       Dagger            |    81 |   112 |   274 |   100 |       ||   567
       Unarmed           |       |     4 |       |       |       ||     4
       Flail             |       |       |   146 |       |       ||   146
       Mace              |       |       |    66 |   119 |       ||   185
       Broad axe         |       |       |       |   641 |   716 ||  1357
Throw: Tomahawk          |       |     5 |     2 |     3 |       ||    10
       Javelin           |       |       |       |     1 |     5 ||     6
Invok: Berserk           |       |     1 |     1 |    11 |    13 ||    26
       Trog's Hand       |       |       |       |       |     9 ||     9
       Brothers in Arms  |       |       |       |       |     8 ||     8
       Burn Spellbooks   |       |       |       |       |     3 ||     3
 Abil: Breathe Lightning |       |       |     4 |     2 |     1 ||     7
Evoke: Wand              |       |       |       |     1 |       ||     1
       Box of beasts     |       |       |       |       |     1 ||     1
  Use: Scroll            |       |     4 |    14 |     6 |     9 ||    33
       Potion            |       |       |     6 |     8 |     6 ||    20
 Stab: Distracted        |       |       |       |     1 |       ||     1
       Sleeping          |       |       |       |       |     2 ||     2
  Eat: Chunk             |       |     4 |    20 |    15 |    52 ||    91
       Beef jerky        |       |     1 |       |     5 |     3 ||     9
       Fruit             |       |       |     1 |     2 |     5 ||     8
       Meat ration       |       |       |       |     1 |     2 ||     3
       Royal jelly       |       |       |       |     2 |     3 ||     5
       Pizza             |       |       |       |       |     1 ||     1
